Map: Deathaura LE

Players

Lambo - Winner!

  • Race: Zerg Zerg
  • League: Master
  • Spawn Location: 5:00

HeroMarine

  • Race: Terran Terran
  • League: Grandmaster
  • Spawn Location: 11:00

Event: DreamHack SC2 Masters 2020 Winter

VOD

Have the link to the VOD?

Description

Time

  • Played on: Oct. 31, 2020, 12:52 p.m.
  • Length: 13:15

All games in this series

Show
View Real Time Build Order
Export as new Build Order

Lambo Zerg - Winner!

Build Orders: Hatch First, Lurkers 

Get SALT Encoding   

  12  0:00  Drone  
  13  0:12  Overlord  
  13  0:16  Drone  
  14  0:31  Drone x2  
  16  0:47  Hatchery  
  15  0:50  Drone  
  15  0:54  Drone  
  17  0:57  Drone  
  18  1:08  Extractor  
  17  1:12  Spawning Pool  
  17  1:15  Drone  
  17  1:18  Drone  
  18  1:28  Drone  
  19  1:38  Drone  
  20  1:48  Drone  
  21  1:59  Queen x2  
  21  2:00  Zergling x4  
  27  2:13  Hatchery  
  26  2:16  Overlord  
  26  2:20  Drone  
  27  2:24  Drone  
  28  2:34  Metabolic Boost  
  28  2:38  Drone  
  28  2:39  Drone  
  28  2:41  Drone  
  31  2:44  Drone  
  31  2:48  Overlord  
  32  2:51  Queen  
  32  2:56  Drone  
  32  2:57  Drone  
  36  3:12  Drone x5  
  41  3:13  Queen  
  43  3:20  Drone  
  43  3:23  Overlord  
  44  3:27  Queen  
  44  3:29  Drone  
  44  3:31  Overlord  
  47  3:37  Drone  
  47  3:38  Queen  
  50  3:44  Drone x2  
  50  3:46  Drone x2  
  55  3:48  Drone x2  
  55  3:53  Zergling x4  
  58  3:59  Overlord  
  58  4:00  Zergling x4  
  58  4:01  Zergling x2  
  60  4:05  Evolution Chamber, Drone  
  60  4:06  Evolution Chamber  
  60  4:08  Extractor  
  58  4:10  Drone x3  
  58  4:14  Drone  
  62  4:18  Overlord  
  62  4:21  Drone  
  63  4:25  Overlord  
  63  4:29  Drone  
  63  4:30  Drone x2  
  68  4:33  Zerg Ground Armor Level 1  
  68  4:35  Overlord  
  66  4:40  Zergling x4  
  66  4:42  Drone x3  
  66  4:43  Overlord  
  71  4:46  Zerg Melee Weapons Level 1, Drone  
  71  4:48  Drone x3  
  75  4:53  Drone x2  
  75  4:58  Lair  
  75  4:59  Spore Crawler x2  
  75  5:01  Drone  
  75  5:03  Spore Crawler, Drone  
  76  5:07  Drone  
  76  5:08  Drone x3  
  76  5:09  Drone  
  76  5:11  Drone  
  76  5:12  Drone  
  83  5:14  Baneling Nest  
  83  5:17  Drone x2  
  83  5:20  Extractor  
  83  5:21  Drone x2, Extractor x2  
  82  5:22  Drone  
  82  5:23  Overlord  
  84  5:29  Zergling x4  
  84  5:31  Queen  
  88  5:38  Hatchery  
  88  5:41  Overlord  
  88  5:42  Drone x3  
  90  5:43  Drone  
  90  5:48  Zergling x4  
  90  5:49  Zergling x6  
  96  5:53  Drone  
  97  5:57  Centrifical Hooks  
  97  6:00  Overlord  
  97  6:01  Hydralisk Den  
  97  6:03  Overlord  
  96  6:04  Zergling x6  
  96  6:08  Zergling x4  
  96  6:09  Zergling x4  
  103  6:12  Overseer  
  103  6:14  Pneumatized Carapace  
  103  6:16  Drone x2  
  103  6:18  Drone x2  
  107  6:23  Baneling x4  
  107  6:24  Drone x2  
  109  6:26  Zergling x2  
  109  6:28  Zerg Ground Armor Level 2  
  109  6:32  Drone x2  
  112  6:33  Zergling x6  
  112  6:35  Extractor  
  114  6:40  Baneling x3  
  114  6:43  Zergling x2  
  114  6:44  Zergling x12  
  120  6:47  Drone  
  120  6:51  Zerg Melee Weapons Level 2  
  120  6:52  Drone  
  122  6:55  Drone x2  
  122  6:56  Drone x2  
  122  6:57  Overlord  
  122  6:58  Overlord  
  126  7:02  Drone  
  126  7:05  Hatchery, Drone  
  127  7:11  Overlord  
  127  7:12  Overlord  
  127  7:14  Queen  
  128  7:22  Infestation Pit  
  127  7:23  Drone x9  
  127  7:27  Drone x5, Extractor  
  127  7:28  Extractor  
  139  7:30  Spore Crawler  
  139  7:31  Hydralisk x3  
  139  7:34  Hydralisk x2  
  148  7:38  Overlord  
  148  7:39  Zergling x2  
  147  7:45  Zergling x8  
  144  7:58  Overlord x2  
  144  8:00  Overlord, Baneling x3  
  146  8:06  Zergling x12  
  146  8:08  Overlord  
  146  8:10  Zergling x10  
  146  8:12  Overlord  
  149  8:13  Zergling x2  
  149  8:16  Hive  
  149  8:18  Zergling x4  
  149  8:19  Lurker Den  
  146  8:22  Queen  
  146  8:25  Zergling x14  
  151  8:28  Zergling x6  
  151  8:32  Zergling x4  
  151  8:34  Hydralisk x3  
  156  8:36  Overseer  
  156  8:39  Hydralisk x2  
  166  8:41  Baneling x2  
  166  8:44  Zerg Missile Weapons Level 1  
  166  8:45  Grooved Spines, Hydralisk x2  
  170  8:51  Zergling x2  
  170  8:52  Zergling x6  
  170  8:53  Baneling x6  
  170  8:54  Hatchery, Zergling x6  
  175  8:59  Baneling x8  
  175  9:00  Zergling x2  
  171  9:04  Zergling x4  
  171  9:07  Zergling x2  
  171  9:09  Zergling x2  
  160  9:10  Zergling x6  
  159  9:18  Zergling x10  
  159  9:23  Zergling x6  
  163  9:31  Zerg Ground Armor Level 3  
  163  9:32  Seismic Spines  
  163  9:35  Zergling x8  
  163  9:36  Zergling x4  
  163  9:37  Baneling x10  
  167  9:40  Zergling x6  
  168  9:51  Lurker x7  
  175  9:56  Muscular Augments  
  175  9:58  Hatchery  
  175  9:59  Zergling x2  
  173  10:00  Zergling x10  
  175  10:08  Overlord  
  175  10:18  Overlord  
  175  10:19  Overlord, Spore Crawler  
  174  10:23  Overlord  
  174  10:24  Overlord  
  174  10:25  Overlord  
  174  10:26  Overlord  
  174  10:27  Overlord  
  174  10:28  Overlord  
  174  10:29  Adaptive Talons  
  174  10:30  Overseer  
  174  10:32  Queen  
  174  10:34  Overlord  
  165  10:43  Zergling x24  
  165  10:49  Zergling x6  
  170  10:51  Hydralisk  
  170  10:52  Hydralisk  
  156  10:58  Hydralisk x5  
  163  11:08  Extractor x2, Lurker x4  
  163  11:09  Hydralisk x4  
  173  11:13  Hydralisk x4  
  173  11:16  Hydralisk  
  173  11:17  Hydralisk x2  
  187  11:18  Queen  
  187  11:21  Baneling x7  
  187  11:24  Zergling x6  
  192  11:32  Zergling x12  
  198  11:39  Drone x2  
  199  11:43  Overlord  
  199  11:45  Overlord, Spore Crawler, Baneling x11  
  198  11:52  Drone  
  199  11:55  Overlord, Spore Crawler  
  199  11:56  Overlord, Spore Crawler  
  199  11:59  Zergling x12  
  188  12:09  Zergling x20  
  188  12:11  Zergling x2  
  188  12:12  Zergling x4  
  188  12:14  Zergling x4  
  185  12:16  Zergling x6  
  185  12:22  Zergling x8  
  190  12:33  Hydralisk x5  
  194  12:40  Hydralisk x2  
  184  12:47  Hydralisk x6  
Show
View Real Time Build Order
Export as new Build Order

HeroMarine Terran 

Build Orders: Hellion Opening, Reaper Expand 

Get SALT Encoding   

  12  0:00  SCV  
  13  0:12  SCV  
  14  0:17  Supply Depot  
  14  0:24  SCV  
  15  0:39  SCV, Barracks  
  16  0:43  Refinery  
  16  0:51  SCV  
  17  1:03  SCV  
  18  1:15  SCV  
  19  1:26  Reaper  
  19  1:27  Orbital Command  
  20  1:38  Command Center  
  20  1:46  Supply Depot  
  20  1:52  SCV  
  21  1:58  Marine  
  22  2:04  SCV  
  23  2:09  Factory  
  23  2:16  SCV  
  25  2:23  Barracks Reactor  
  25  2:29  SCV  
  25  2:38  Command Center  
  25  2:41  SCV  
  26  2:50  Orbital Command  
  26  2:53  SCV  
  26  2:56  Starport  
  27  3:05  SCV  
  28  3:08  Hellion x2  
  32  3:17  SCV x2, Refinery  
  34  3:22  Barracks Tech Lab  
  34  3:29  Hellion x2  
  34  3:31  SCV x2  
  40  3:43  SCV x2  
  40  3:44  Viking  
  44  3:50  Hellion  
  44  3:51  Hellion  
  44  3:52  Orbital Command  
  44  3:55  SCV x2  
  50  3:59  Barracks Tech Lab  
  50  4:05  Supply Depot  
  50  4:07  SCV x2  
  52  4:17  Stimpack  
  52  4:18  SCV, Marine  
  52  4:19  SCV x2  
  59  4:30  SCV  
  60  4:31  SCV  
  60  4:32  SCV, Barracks  
  60  4:33  Factory Reactor  
  60  4:35  Barracks  
  59  4:41  Engineering Bay x2  
  59  4:42  SCV  
  59  4:43  SCV, Marine  
  59  4:44  SCV  
  63  4:54  SCV, Refinery  
  63  4:55  SCV, Refinery  
  63  4:56  SCV, Starport Reactor  
  66  5:01  Supply Depot  
  66  5:03  Supply Depot  
  67  5:07  SCV, Orbital Command  
  67  5:08  SCV, Terran Infantry Weapons Level 1, Terran Infantry Armor Level 1  
  68  5:15  Marine  
  68  5:20  Barracks  
  69  5:21  Barracks  
  69  5:23  SCV x2  
  69  5:25  Supply Depot, Factory Reactor  
  69  5:26  Supply Depot  
  71  5:32  Marine x2  
  71  5:35  SCV x2  
  75  5:39  SCV  
  75  5:40  Marine x2  
  75  5:41  Medivac x2  
  82  5:45  Marine  
  82  5:47  SCV  
  82  5:48  SCV  
  85  5:50  Marine  
  85  5:51  SCV  
  85  5:52  Marine  
  85  5:54  Supply Depot  
  85  5:55  Supply Depot  
  88  5:57  Supply Depot  
  88  5:58  Marine x2  
  88  5:59  SCV  
  88  6:00  SCV  
  88  6:03  SCV, Marine  
  88  6:04  Combat Shield, Widow Mine x2  
  94  6:07  Marine  
  94  6:09  Barracks Reactor x2  
  99  6:11  SCV  
  99  6:12  Marine  
  99  6:15  SCV x2  
  99  6:16  Marine x2  
  99  6:17  Supply Depot  
  105  6:18  Supply Depot  
  105  6:22  Marine  
  105  6:24  SCV  
  107  6:25  Marine  
  107  6:27  SCV x2, Medivac  
  107  6:29  Marine  
  107  6:30  Armory, Medivac  
  115  6:34  Marine x2  
  115  6:39  Marine  
  117  6:43  Marine  
  117  6:45  SCV x3, Refinery  
  117  6:46  Marine x4, Factory  
  126  6:47  Marine  
  126  6:51  Marine  
  126  6:52  Marine  
  129  6:55  Supply Depot x2  
  129  6:57  Marine  
  129  6:58  Widow Mine  
  129  6:59  Widow Mine  
  129  7:01  Marine  
  134  7:03  Marine  
  134  7:06  Marine  
  134  7:07  Marine x2  
  134  7:08  Medivac  
  141  7:16  Medivac, Marine x2  
  141  7:17  Marine x2  
  147  7:23  Command Center  
  147  7:24  Terran Infantry Weapons Level 2  
  147  7:25  Supply Depot, Terran Infantry Armor Level 2  
  147  7:26  Marine  
  147  7:27  Marine x2  
  147  7:29  Marine x2  
  152  7:34  Marine  
  152  7:35  Supply Depot  
  152  7:37  Supply Depot  
  153  7:41  Marine x3  
  156  7:46  Marine x2  
  156  7:47  Widow Mine x3  
  156  7:49  Marine x2  
  164  7:53  Supply Depot, Terran Vehicle And Ship Armor Level 1  
  164  7:58  Marine x2  
  166  8:02  Marine x2  
  166  8:07  Marine  
  166  8:08  Marine  
  166  8:11  SCV  
  166  8:12  SCV  
  158  8:13  Siege Tank  
  158  8:14  Marine x3  
  158  8:16  Marine x2  
  158  8:19  Marine  
  155  8:20  Marine, Factory Tech Lab  
  155  8:22  SCV, Refinery  
  155  8:23  SCV  
  155  8:24  SCV, Barracks  
  155  8:25  Marine, Barracks  
  155  8:26  Marine, Barracks  
  161  8:27  Medivac  
  161  8:30  Medivac  
  161  8:32  Marine x3  
  168  8:34  Marine x2  
  168  8:40  Marine x2  
  170  8:43  Marine x2  
  170  8:45  SCV x3  
  170  8:47  Siege Tank x2  
  181  8:50  Marine x2  
  183  9:02  Marine  
  180  9:07  Medivac x2  
  180  9:09  Marine x2  
  161  9:11  Marine x3  
  161  9:13  Planetary Fortress  
  161  9:14  SCV x3  
  161  9:16  Barracks Tech Lab x2  
  165  9:17  Marauder  
  165  9:19  Siege Tank x2  
  165  9:23  Marine x2  
  165  9:24  Marine x3  
  172  9:26  SCV x3  
  172  9:27  Marine  
  182  9:38  Marauder  
  182  9:39  Marauder  
  185  9:51  Siege Tank  
  185  9:52  Siege Tank  
  188  9:55  Marauder  
  192  10:00  Marauder  
  192  10:06  Marauder, Marine  
  192  10:07  Marine x2  
  195  10:12  Command Center  
  195  10:13  Sensor Tower  
  197  10:14  Marine x3  
  197  10:15  Sensor Tower  
  197  10:18  Terran Infantry Weapons Level 3  
  198  10:42  Siege Tank  
  198  10:47  Marauder  
  192  10:50  Marauder  
  192  10:52  Marauder, Marine x2  
  192  10:54  Siege Tank  
  192  10:56  Marine  
  165  10:57  Marine  
  165  10:58  Marine x6  
  169  11:04  Refinery x2, Liberator x2  
  169  11:08  Marauder  
  169  11:10  Marine x2  
  181  11:11  Marauder  
  181  11:14  Marauder, Marine  
  181  11:15  Marine x3  
  181  11:16  Marine x3  
  190  11:25  Marine  
  191  11:26  Command Center, Siege Tank  
  191  11:29  Marauder, Command Center  
  191  11:32  Marauder  
  198  11:35  Marauder  
  200  11:50  Command Center  
  200  11:56  Marauder  
  199  12:06  Marauder  
  199  12:07  Marauder  
  199  12:08  Marine x2  
  189  12:09  Marine x2  
  189  12:13  Siege Tank x2  
  189  12:14  Marine x2  
  189  12:15  Marine x4  
  183  12:18  Marauder  
  184  12:26  Marine x3  
  184  12:27  Marauder, Marine  
  184  12:28  Marauder  
  192  12:30  Medivac  
  192  12:31  Medivac  
  192  12:32  Marine x3  
  192  12:33  Marine x3  
  164  12:39  Marauder  
  164  12:43  Marine  
  164  12:44  Marine x3  
  157  12:49  Marauder x2  
  157  12:50  Marine x3  
  157  12:51  Marine  
Tags
 
Add a new tag
Caveats
  • Supply blocks, unpowered buildings, or Contaminate may cause inaccurate times.
  • Supply counts are checked every 10 seconds.